 Dungeon Crawl Stone Soup version 0.29-a0-284-gf9362112df (webtiles) character file.

Game seed: 4144059257008175829

515 epen the Bolt Thrower (level 7, -1/43 HPs)
             Began as a Kobold Hunter on Mar 14, 2022.
             Slain by an adder (3 damage)
             ... on level 4 of the Dungeon.
             The game lasted 00:03:33 (4143 turns).

epen the Bolt Thrower (Kobold Hunter)               Turns: 4143, Time: 00:03:34

Health: -1/43      AC:  4    Str:  8    XL:     7   Next: 44%
Magic:  7/7        EV: 16    Int: 10    God:
Gold:   180        SH:  0    Dex: 21    Spells: 6/6 levels left

rFire   + . .      SeeInvis .   a - +2 hand crossbow
rCold   . . .      Faith    .   (no shield)
rNeg    . . .      Spirit   .   b - +0 leather armour
rPois   +          Reflect  .   (no helmet)
rElec   .          Harm     .   d - +0 cloak {rPois}
rCorr   .          Rampage  .   (no gloves)
Will    .....                   (no boots)
Stlth   ++++......              (no amulet)
HPRegen 0.14/turn               i - ring of protection from fire
MPRegen 0.10/turn               (no ring)

@: no status effects
A: small, no large weapons, nightstalker 3
a: no special abilities


You were on level 4 of the Dungeon.
You visited 1 branch of the dungeon, and saw 4 of its levels.

You collected 180 gold pieces.

Inventory:

Hand Weapons
 a - a +2 hand crossbow (weapon)
 g - a +2 dagger of venom
Missiles
 q - a throwing net
Armour
 b - a +0 leather armour (worn)
 d - a +0 cloak of poison resistance (worn)
Jewellery
 i - a ring of protection from fire (left hand)
 j - a +4 ring of protection
Scrolls
 l - a scroll of torment
Potions
 c - 2 potions of mutation {unknown}
 e - a potion of degeneration
 f - 3 potions of curing {unknown}
 h - a potion of might {unknown}
 m - a potion of experience {unknown}
 o - a potion of ambrosia {unknown}


   Skills:
 + Level 4.1 Fighting
 + Level 6.9 Crossbows
 + Level 2.1 Armour
 + Level 4.6 Dodging
 + Level 4.9 Stealth


You had 6 spell levels left.
You didn't know any spells.
Your spell library contained the following spells:

 Spells                   Type           Power      Damage    Failure   Level
 Static Discharge         Conj/Air       0%         N/A       63%         2
 Dispel Undead            Necr           0%         3d6       99%         4
 Sticky Flame             Conj/Fire      0%         2d3       99%         4


Dungeon Overview and Level Annotations

Branches:
Dungeon (4/15)
 Temple: D:4-7

Altars:

Shops:
D:3 (


Innate Abilities, Weirdness & Mutations

You are small and have problems with some larger weapons.
You are completely attuned to the shadows.


Message History

Press: ? - help, Shift-Dir - straight line, f/p - adder
Aim: an adder (heavily wounded, 56% to hit)
You shoot a bolt. The bolt barely misses the adder.
The adder bites you.
* * * LOW HITPOINT WARNING * * *
Shoot: a) +2 hand crossbow
Press: ? - help, Shift-Dir - straight line, f/p - adder
Aim: an adder (heavily wounded, 56% to hit)
You shoot a bolt. The bolt barely misses the adder.
The adder bites you but does no damage. The adder barely misses you.
Shoot: a) +2 hand crossbow
Press: ? - help, Shift-Dir - straight line, f/p - adder
Aim: an adder (heavily wounded, 56% to hit)
You shoot a bolt. The bolt misses the adder.
The adder closely misses you.
Shoot: a) +2 hand crossbow
Press: ? - help, Shift-Dir - straight line, f/p - adder
Aim: an adder (heavily wounded, 56% to hit)
You shoot a bolt. The bolt misses the adder.
The adder bites you.
* * * LOW HITPOINT WARNING * * *
The adder barely misses you.
Shoot: a) +2 hand crossbow
Press: ? - help, Shift-Dir - straight line, f/p - adder
Aim: an adder (heavily wounded, 56% to hit)
You shoot a bolt. The bolt hits the adder.
The adder is almost dead.
The adder closely misses you.
Shoot: a) +2 hand crossbow
Press: ? - help, Shift-Dir - straight line, f/p - adder
Aim: an adder (almost dead, 56% to hit)
You shoot a bolt. The bolt barely misses the adder.
The adder bites you but does no damage. The adder barely misses you.
Shoot: a) +2 hand crossbow
Press: ? - help, Shift-Dir - straight line, f/p - adder
Aim: an adder (almost dead, 56% to hit)
You shoot a bolt. The bolt misses the adder.
The adder misses you. The adder completely misses you.
Shoot: a) +2 hand crossbow
Press: ? - help, Shift-Dir - straight line, f/p - adder
Aim: an adder (almost dead, 56% to hit)
You shoot a bolt. The bolt closely misses the adder.
The adder bites you.
You die...

*,,,*,,,*,,,*,,,*,,.#...##8#8#8#8
*,*,,,*,,,*,,,*,,,*,..#..########
*,,,*,,,*,,,*,,,*,,,#...** *,*
*,*,,,*,,,*,,,*,,,*,,,*,* ###*.#
**,,*,,,*,,,#...*).,*,,** ##.##.#
***,,*,,,*,..#.,.#,,*** #..#..#
*,*,,*,,,*...#.,*** #....##
*,***,,*,,,#.S#** ###...... *,*
***,,*,,#@# #....###. *,*
***,**#.# #.##.# #.
*,*******####.########.##.####
*,,,,,,,,..................#
*********########.)........##
#...........## #...>........#
#####>.#...... *#..#....##


You could see an adder.

Vanquished Creatures
  A black bear (D:4)
  A howler monkey (D:4)
  2 hounds (D:4)
  Crazy Yiuf (D:2)
  Jessica (D:2)
  Natasha (thrice) (D:3)
  3 adders
  7 gnolls (D:2)
  A white imp (D:3)
  2 worms
  2 dart slugs (D:3)
  3 orcs (D:4)
  5 endoplasms
  2 giant cockroaches (D:2)
  6 goblins
  8 hobgoblins
  11 jackals
  9 kobolds
  4 quokkas
  6 ball pythons
  5 bats
  4 frilled lizards
  6 rats
93 creatures vanquished.

Notes
Turn   | Place    | Note
-------+----------+-------------------------------------------
     0 | D:1      | epen the Kobold Hunter began the quest for the Orb.
     0 | D:1      | Reached XP level 1. HP: 12/12 MP: 1/1
   136 | D:1      | Found a faded altar of an unknown god.
   172 | D:1      | Reached XP level 2. HP: 18/18 MP: 2/2
   564 | D:2      | Reached XP level 3. HP: 22/22 MP: 3/3
   578 | D:2      | Noticed Jessica
   589 | D:2      | Killed Jessica
   891 | D:2      | Reached XP level 4. HP: 27/27 MP: 4/4
  1259 | D:2      | Reached XP level 5. HP: 4/32 MP: 5/5
  1398 | D:2      | Reached skill level 1 in Armour
  1574 | D:2      | Reached skill level 6 in Crossbows
  2098 | D:2      | Found a runed translucent door.
  2101 | D:2      | Noticed Crazy Yiuf
  2107 | D:2      | Killed Crazy Yiuf
  2476 | D:2      | Reached XP level 6. HP: 37/37 MP: 6/6
  2586 | D:3      | Noticed Natasha
  2592 | D:3      | Killed Natasha
  2870 | D:3      | Found Deefucwu's Antique Weapon Emporium.
  2912 | D:3      | Noticed Natasha
  2920 | D:3      | Killed Natasha
  2970 | D:3      | Noticed Natasha
  2978 | D:3      | Killed Natasha
  3793 | D:4      | Reached XP level 7. HP: 41/42 MP: 7/7
  4135 | D:4      | HP: 2/43 [adder (2)]
  4143 | D:4      | Slain by an adder

Illustrated notes

Levels and vault maps discovered:
D:1:      eino_arrival_cavern_a, layout_rooms, hellmonk_ecumenical_altar_zigzags
D:2:      layout_basic, minmay_strange_pillars,
          wander_ebering_terrifying_dragon_lair, uniq_jessica,
          uniq_crazy_yiuf_cottage
D:3:      layout_basic, serial_shops, nicolae_shop_trees, uniq_natasha
D:4:      layout_rooms, hangedman_feature_mirror, minmay_misc_feat_hallway,
          minmay_statues_item, hex_large, minmay_cut_off

Skill      XL: |  1  2  3  4  5  6  7 |
---------------+----------------------+-----
Stealth        | 2 3 4 |  4.9
Dodging        | 3 4 |  4.6
Fighting       | 3 4 |  4.1
Armour         | 1 2 |  2.1
Crossbows      | 6 |  6.9

Action                   |  1- 3 |  4- 6 |  7- 9 || total
-------------------------+-------+-------+-------++-------
 Fire: Hand crossbow     |    40 |   157 |    39 ||   236
  Use: Scroll            |       |     8 |       ||     8
       Potion            |       |     1 |       ||     1
Armor: Leather armour    |       |     8 |     6 ||    14
Dodge: Dodged            |     1 |    64 |    32 ||    97

Table legend: (Time is in decaauts)
 A = Elapsed time spent in this place.
 B = Non-inter-level travel time spent in this place.
 C = Inter-level travel time spent in this place.
 D = Time resting spent in this place.
 E = Time spent auto-exploring this place.
 F = Levels seen in this place.
 G = Mean time per level.
                   A        B        C        D        E       F      G
               +--------+--------+--------+--------+--------+-----+--------+
         Total |   4215 |   4153 |     62 |    139 |   3531 |   4 | 1053.8 |
       Dungeon |   4215 |   4153 |     62 |    139 |   3531 |   4 | 1053.8 |
               +--------+--------+--------+--------+--------+-----+--------+

Top non-repeatable levels by time:
     D:2: 2127 daAuts
     D:3: 925 daAuts
     D:4: 670 daAuts
     D:1: 492 daAuts
